 Dungeon Crawl Stone Soup version 0.29.1-13-g9f3cf754e1 (webtiles) character file.

Game seed: 10236293234637356813

93 Hrothgar the Covered (level 4, 0/40 HPs)
             Began as a Minotaur Fighter on Feb 10, 2023.
             Slain by a swamp drake (5 damage)
             ... on level 3 of the Dungeon.
             The game lasted 00:02:58 (650 turns).

Hrothgar the Covered (Minotaur Fighter)              Turns: 650, Time: 00:03:01

Health: 0/40       AC:  7    Str: 21    XL:     4   Next: 36%
Magic:  3/3        EV: 10    Int:  7    God:
Gold:   53         SH:  0    Dex:  9    Spells: 3/3 levels left

rFire   . . .      SeeInvis .   a - +0 war axe
rCold   . . .      Faith    .   c - +0 buckler
rNeg    . . .      Spirit   .   b - +0 scale mail
rPois   .          Reflect  .   (helmet restricted)
rElec   .          Harm     .   (no cloak)
rCorr   +          Rampage  .   (no gloves)
Will    .....                   (no boots)
Stlth   ..........              (no amulet)
HPRegen 0.13/turn               i - ring of resist corrosion
MPRegen 0.08/turn               (no ring)

@: confused, mighty
A: horns 2, retaliatory headbutt
a: no special abilities


You were on level 3 of the Dungeon.
You visited 1 branch of the dungeon, and saw 3 of its levels.

You collected 53 gold pieces.

Inventory:

Hand Weapons
 a - a +0 war axe (weapon)
Armour
 b - a +0 scale mail (worn)
 c - a +0 buckler (worn)
Jewellery
 i - a ring of resist corrosion (left hand)
Wands
 h - a wand of polymorph (9)
Potions
 e - a potion of haste {unknown}
 f - a potion of cancellation {unknown}
 g - a potion of ambrosia {unknown}
 j - a potion of magic
 k - 2 potions of lignification {unknown}
 l - a potion of curing {unknown}


   Skills:
 * Level 4.2 Fighting
 * Level 2.8 Axes
 * Level 4.2 Armour
 * Level 2.0 Dodging
 * Level 1.1 Stealth
 * Level 4.1 Shields


You had 3 spell levels left.
You didn't know any spells.
Your spell library was empty.

Dungeon Overview and Level Annotations

Branches:
Dungeon (3/15)

Altars:


Innate Abilities, Weirdness & Mutations

You have a pair of horns on your head.
You reflexively headbutt those who attack you in melee.


Message History

You barely miss the swamp drake. The swamp drake bites you.
You feel very mighty all of a sudden. The swamp drake barely misses you.
You slash the swamp drake!
The swamp drake is moderately wounded.
The swamp drake bites you! The swamp drake breathes poison at you.
The noxious blast misses you.
The orc is engulfed in noxious fumes.
The orc appears confused.
You hit the swamp drake. Your headbutt misses the swamp drake.
The swamp drake is heavily wounded.
You are engulfed in noxious fumes.
You choke on the stench!
You are confused.
The swamp drake bites you.
The orc is engulfed in noxious fumes.
The orc appears confused.
The orc hits the swamp drake with a +0 hand axe!
You're too confused to move!
You are engulfed in noxious fumes.
You choke on the stench!
You are more confused.
The swamp drake closely misses you.
The orc is engulfed in noxious fumes.
The orc appears confused.
You bump into the rock wall.
The swamp drake breathes poison at you.
The noxious blast engulfs you but does no damage.
You are poisoned.
You completely miss the swamp drake.
The swamp drake is severely wounded.
You are engulfed in noxious fumes.
You choke on the stench!
You are more confused.
You feel sick. The swamp drake bites you!
* * * LOW HITPOINT WARNING * * *
Unknown command.
Unknown command.
It was a potion of magic.
Magic courses through your body.
You are engulfed in noxious fumes.
You choke on the stench!
You are more confused.
You feel sick.
You are no longer poisoned.
The swamp drake bites you.
You die...

##############
#............#
#......°°°.>.+
#.....°°°°°..#
########@###.#
#####k#
#...o°#
#.....#
#......
#.....##
#.....#
#......
#....?.


You could see a swamp drake and an orc (confused).

Vanquished Creatures
  Jessica (D:2)
  Robin (D:2)
  A gnoll (D:1)
  An adder (D:2)
  2 dart slugs (D:2)
  An orc (D:3)
  A bat (D:1)
  4 endoplasms (D:1)
  8 goblins (D:2)
  3 hobgoblins (D:2)
  2 quokkas (D:2)
  2 ball pythons (D:2)
  3 kobolds
30 creatures vanquished.

Notes
Turn   | Place    | Note
-------+----------+-------------------------------------------
     0 | D:1      | Hrothgar the Minotaur Fighter began the quest for the Orb.
     0 | D:1      | Reached XP level 1. HP: 19/19 MP: 0/0
   207 | D:1      | Reached XP level 2. HP: 27/27 MP: 1/1
   254 | D:2      | Noticed Jessica
   262 | D:2      | Killed Jessica
   263 | D:2      | Reached skill level 1 in Dodging
   263 | D:2      | Reached XP level 3. HP: 33/33 MP: 2/2
   424 | D:2      | Noticed Robin
   435 | D:2      | Killed Robin
   436 | D:2      | Reached XP level 4. HP: 26/40 MP: 3/3
   438 | D:2      | Reached skill level 1 in Stealth
   641 | D:3      | Noticed a swamp drake
   641 | D:3      | an orc wizard changed into a swamp drake
   650 | D:3      | Slain by a swamp drake

Illustrated notes

Levels and vault maps discovered:
D:1:      amcnicky_arrival_single_pillar, layout_basic, minmay_tripent
D:2:      layout_basic, chequers_serial_rivers_small_a, st_stairs_6,
          uniq_jessica, uniq_robin
D:3:      layout_basic, serial_shops, shop, corexii_corridor_pit

Skill      XL: |  1  2  3  4 |
---------------+-------------+-----
Fighting       | 4 |  4.2
Armour         | 4 |  4.2
Dodging        | 1 2 |  2.0
Shields        | 4 |  4.1
Stealth        | 1 |  1.1
Axes           | |  2.8

Action                   |  1- 3 |  4- 6 || total
-------------------------+-------+-------++-------
Melee: War axe           |    27 |    13 ||    40
       Headbutt          |     4 |       ||     4
       Unarmed           |     6 |       ||     6
Evoke: Wand              |       |     2 ||     2
  Use: Scroll            |     2 |       ||     2
       Potion            |       |     2 ||     2
Armor: Scale mail        |    22 |     6 ||    28
       Skin              |     3 |       ||     3
Dodge: Dodged            |    25 |     6 ||    31
Block: Buckler           |     8 |     2 ||    10
